 Dungeon Crawl Stone Soup version 0.29.1-14-g9c671dbff4 (webtiles) character file.

Game seed: 882330823098174027

75 Mickster the Trooper (level 4, -1/41 HPs)
             Began as a Minotaur Monk on Feb 13, 2023.
             Slain by a gnoll
             ... wielding a +0 spear
              (4 damage)
             ... on level 2 of the Dungeon.
             The game lasted 00:15:29 (2500 turns).

Mickster the Trooper (Minotaur Monk)                Turns: 2500, Time: 00:15:29

Health: -1/41      AC: 10    Str: 21    XL:     4   Next: 11%
Magic:  3/3        EV:  7    Int:  7    God:
Gold:   50         SH:  0    Dex: 15    Spells: 3/3 levels left

rFire   . . .      SeeInvis .   a - +0 falchion
rCold   . . .      Faith    .   (no shield)
rNeg    . . .      Spirit   .   f - +0 plate armour
rPois   .          Reflect  .   (helmet restricted)
rElec   .          Harm     .   (no cloak)
rCorr   .          Rampage  .   (no gloves)
Will    .....                   (no boots)
Stlth   ..........              (no amulet)
HPRegen 0.13/turn               d - +6 ring of strength
MPRegen 0.08/turn               l - ring of flight

@: flying
A: horns 2, retaliatory headbutt
a: no special abilities


You were on level 2 of the Dungeon.
You visited 1 branch of the dungeon, and saw 2 of its levels.

You collected 50 gold pieces.

Inventory:

Hand Weapons
 a - a +0 falchion (weapon)
Missiles
 h - 11 stones (quivered)
Armour
 b - a +0 robe
 f - a +0 plate armour (worn)
 k - a +0 chain mail
Jewellery
 d - a +6 ring of strength (left hand)
 l - a ring of flight (right hand)
Scrolls
 j - a scroll of blinking
 m - a scroll of identify
Potions
 c - a potion of ambrosia
 e - a potion of magic
 g - 2 potions of heal wounds
 i - 2 potions of curing


   Skills:
 + Level 4.3 Fighting
 + Level 4.3 Long Blades
 + Level 3.9 Dodging
 + Level 2.3 Stealth


You had 3 spell levels left.
You didn't know any spells.
Your spell library was empty.

Dungeon Overview and Level Annotations

Branches:
Dungeon (2/15)

Altars:
Gozag


Innate Abilities, Weirdness & Mutations

You have a pair of horns on your head.
You reflexively headbutt those who attack you in melee.


Message History

The gnoll hits you with a +0 whip.
A gnoll comes into view. It is wielding a +0 spear.
You hit the gnoll.
The gnoll is almost dead.
The gnoll hits you but does no damage. x2
You closely miss the gnoll. You punch the gnoll.
You kill the gnoll!
The gnoll hits you but does no damage.
You hit the gnoll.
The gnoll is heavily wounded.
The gnoll hits you with a +0 whip. The gnoll hits you but does no damage.
The gnoll attacks as you move away! The gnoll hits you but does no damage.
There is a stone staircase leading down here.
You closely miss the gnoll. The gnoll hits you with a +0 whip.
The gnoll hits you from afar with a +0 spear.
You barely miss the gnoll. The gnoll hits you but does no damage.
You slash the gnoll!
You kill the gnoll!
The gnoll hits you but does no damage. x2
You have reached level 4!
You feel agile.
You barely miss the gnoll. You headbutt the gnoll.
The gnoll is lightly wounded.
The gnoll hits you but does no damage. The gnoll barely misses you.
You barely miss the gnoll. You headbutt the gnoll.
The gnoll is lightly wounded.
The gnoll hits you but does no damage. The gnoll closely misses you.
You hit the gnoll but do no damage.
The gnoll is lightly wounded.
The gnoll hits you with a +0 whip!
* * * LOW HITPOINT WARNING * * *
The gnoll hits you from afar with a +0 spear.
* * * LOW HITPOINT WARNING * * *
You hit the gnoll.
The gnoll is heavily wounded.
The gnoll hits you with a +0 whip.
* * * LOW HITPOINT WARNING * * *
The gnoll hits you from afar with a +0 spear.
You die...

..#....'....#.....#....#
..#....##.##....#.####.#
..#....##.....###.# #.#
.......#####.#....# #.#####
.##.#### #.#.#### #.....#
.###.. ..#.###########.# .#
.###.#####.#.......# #.#
.###.###......g#.#####.# #.#
.............).)@# #.# #.#
.##......#######g#####'###.#
.. #..# #...........# ### <.
#.†.......### #.........# .#
#........## .# #........# .#
#........# .##### ...
#........#


You could see 2 gnolls.

Vanquished Creatures
  3 gnolls (D:2)
  2 adders (D:2)
  A dart slug (D:2)
  2 ball pythons (D:2)
  3 endoplasms
  A goblin (D:2)
  5 hobgoblins
  3 kobolds
  A quokka (D:1)
  3 bats
  4 frilled lizards
  A rat (D:2)
29 creatures vanquished.

Notes
Turn   | Place    | Note
-------+----------+-------------------------------------------
     0 | D:1      | Mickster the Minotaur Monk began the quest for the Orb.
     0 | D:1      | Reached XP level 1. HP: 19/19 MP: 0/0
  1412 | D:2      | Reached XP level 2. HP: 27/27 MP: 1/1
  1780 | D:2      | Reached XP level 3. HP: 9/33 MP: 2/2
  2147 | D:2      | Found an opulent altar of Gozag.
  2497 | D:2      | Reached XP level 4. HP: 14/41 MP: 3/3
  2500 | D:2      | Slain by a gnoll

Illustrated notes

Levels and vault maps discovered:
D:1:      lightli_arrival_windingriver, layout_loops_corners,
          grunt_decor_fettered, minmay_misc_feat_secret_circle
D:2:      minmay_chambers_of_ones, layout_basic, basic_altar,
          shapermc_ecumenical_altar_venn, st_stairs_4

Skill      XL: |  1  2 |
---------------+-------+-----
Fighting       | 4 |  4.3
Stealth        | 2 |  2.3
Long Blades    | 4 |  4.3
Dodging        | |  3.9

Action                   |  1- 3 |  4- 6 || total
-------------------------+-------+-------++-------
Melee: Falchion          |    76 |     4 ||    80
       Headbutt          |    12 |     2 ||    14
       Punch             |     2 |       ||     2
  Use: Scroll            |     5 |       ||     5
       Potion            |     2 |       ||     2
Armor: Plate armour      |    53 |     2 ||    55
       Robe              |     1 |       ||     1
Dodge: Dodged            |    26 |     2 ||    28
